AoeStats
← Manthasx22

Arena

509152531Analyzed
1v1 RM · 7d ago on Sep 25, 2026· 25m 48s· 2 players
Game mode
Random Map
Map size
Tiny (2 player)
Population
200
Speed
Normal
Resources
Standard
Victory
Conquest
Starting age
Dark Age
Ending age
Imperial Age
RankedLock teamsTeams togetherTeam positionsShared explorationLock speedFull tech treeHidden civsTurbo modeCheats
Victory
Defeat
🇨🇴 Cumans · Colombia
981
+14
🇦🇷 Celts · Argentina
932
-14
ATI.J
9:37 Loom
11:26 Feudal Age
15:13 Castle Age
13:50 Double-Bit Axe
14:40 Gold Mining
14:34 Horse Collar
16:41 Forging
16:34 Scale Mail Armor
21:27 Man-at-Arms
Manthasx22
10:01 Feudal Age
8:20 Loom
12:19 Man-at-Arms
23:12 Castle Age
21:08 Double-Bit Axe
Connection lost

Rejoining the realm…

Still unreachable

The connection could not be restored.

Session expired

The server has moved on; the page needs a fresh start.